 Dungeon Crawl Stone Soup version 0.26-b1-52-g61e05abef2 (webtiles) character file.

Game seed: 7709768912907708448

13257 hawla the Thaumaturge (level 11, -16/85 HPs)
             Began as a Grey Draconian Conjurer on Jan 7, 2021.
             Was a Priest of Vehumet.
             Demolished by a boulder beetle (27 damage)
             ... on level 11 of the Dungeon.
             The game lasted 00:48:28 (16400 turns).

hawla the Thaumaturge (Grey Draconian Conjurer)    Turns: 16400, Time: 00:48:30

Health: -16/85     AC: 14    Str:  7 (10) XL:     11   Next: 73%
Magic:  25/28      EV: 16    Int: 19 (21) God:    Vehumet [***...]
Gold:   702        SH:  0    Dex:  8 (10) Spells: 29/36 levels left

rFire    + . .     SeeInvis +   k - +1 quarterstaff (vorpal)
rCold    + . .     Faith    .   (shield currently unavailable)
rNeg     . . .     Spirit   .   (armour unavailable)
rPois    .         Reflect  .   C - +1 hat {SInv}
rElec    .         Harm     .   l - scarf {rC+ rF+}
rCorr    .         Rampage  .   A - +0 pair of gloves
Will     +....                  (no boots)
Stlth    +.........             H - amulet of the acrobat
HPRegen  0.24/turn              u - ring of willpower
MPRegen  0.21/turn              o - +4 ring of evasion

@: no status effects
A: walk through water, unfitting armour, hooves 1, screaming 1, unbreathing,
evolution 2, cold-blooded, MP-powered wands, AC +12
a: Renounce Religion


You were on level 11 of the Dungeon.
You worshipped Vehumet.
Vehumet was most pleased with you.
You visited 3 branches of the dungeon, and saw 13 of its levels.

You collected 751 gold pieces.
You spent 49 gold pieces at shops.

Inventory:

Hand Weapons
 k - a +1 vorpal quarterstaff (weapon)
 F - a +1 scimitar of flaming
Missiles
 j - 2 silver boomerangs
 G - 2 boomerangs (quivered)
Armour
 l - a scarf of resistance (worn)
 A - a +0 pair of gloves (worn)
 C - a +1 hat of see invisible (worn)
Jewellery
 o - a +4 ring of evasion (right hand)
 u - a ring of willpower (left hand)
 H - an amulet of the acrobat (around neck)
Wands
 t - a wand of paralysis (13)
 w - a wand of iceblast (26)
Scrolls
 a - 6 scrolls of remove curse
 b - 5 scrolls of amnesia
 f - a scroll of enchant armour
 h - a scroll of enchant weapon
 r - 2 scrolls of magic mapping
 z - a scroll of fear
Potions
 c - 2 potions of brilliance
 d - 2 potions of ambrosia
 g - 8 potions of curing
 s - 2 potions of flight
 x - a potion of might
 B - a potion of berserk rage {unknown}
 E - 2 potions of lignification {unknown}
Miscellaneous
 i - a phial of floods


   Skills:
 + Level 4.4 Fighting
 + Level 3.4 Staves
 - Level 2.0 Dodging
 - Level 2.0 Stealth
 - Level 4.0 Shields
 + Level 13.1 Spellcasting
 - Level 6.8 Conjurations
 - Level 5.1 Translocations
 - Level 6.3 Fire Magic


You had 29 spell levels left.
You knew the following spells:

 Your Spells              Type           Power        Failure   Level
a - Magic Dart            Conj           100%         1%          1
b - Searing Ray           Conj           76%          1%          2
c - Iskenderun's Mystic   Conj/Tloc      35%          1%          4

Your spell library contained the following spells:

 Spells                   Type           Power        Failure   Level
 Mephitic Cloud           Conj/Pois/Air  21%          1%          3
 Foxfire                  Conj/Fire      100%         1%          1
 Dazzling Flash           Conj/Hex       50%          1%          3
 Fulminant Prism          Conj/Hex       12%          3%          4


Dungeon Overview and Level Annotations

Branches:
Dungeon (11/15)            Temple (1/1) D:6            Lair (1/6) D:11
    Orc (0/2) D:11

Altars:
Ashenzari
Cheibriados
Dithmenos
Elyvilon
Fedhas
Gozag
Hepliaklqana
Kikubaaqudgha
Makhleb
Nemelex Xobeh
Okawaru
Qazlal
Ru
Sif Muna
Trog
Uskayaw
Vehumet
Wu Jian
Xom
Yredelemnul
Zin
The Shining One

Shops:
D:7 [(((   D:8 (==[   D:11 [

Portals:
Abyss: D:3

Annotations:
D:3 2 transporters, Snicker's ghost, amateur DsDe
D:9 2 transporters


Innate Abilities, Weirdness & Mutations

You can walk through water.
Your dull iron-grey scales are very hard. (AC +12)
You cannot fit into any form of body armour.
You can survive without breathing.
You are cold-blooded and may be slowed by cold attacks.
You have large cloven feet.
You occasionally shout uncontrollably at your foes.
You rapidly evolve.
You expend magic power (3 MP) to strengthen your wands.


Message History

The boulder beetle is lightly wounded.
The boulder beetle hits you!
* * * LOW HITPOINT WARNING * * *
The boulder beetle stops rolling and uncurls.
It was a potion of degeneration.
There was something very wrong with that liquid.
You feel weakened.
You feel dopey.
You feel clumsy. The boulder beetle bites you.
* * * LOW HITPOINT WARNING * * *
Casting: Iskenderun's Mystic Blast (mildly dangerous; 1% risk of failure)
Confirm with . or Enter, or press ? or * to list all spells.
You don't have enough magic to cast that spell.
Magic courses through your body. The boulder beetle barely misses you.
Casting: Iskenderun's Mystic Blast (mildly dangerous; 1% risk of failure)
Confirm with . or Enter, or press ? or * to list all spells.
You erupt in a blast of force!
The mystic blast hits the boulder beetle but does no damage.
The boulder beetle is lightly wounded.
The boulder beetle bites you!!
You die...

.......## ### #....°...#
#.....## #.###○..##
.....######### ##°##
###........... #○###
#.########## #°#.. #.#
########.#.# #.# ###.......(#.#
#.# ##############............#
#.###.........@B...#.##########
#.....##############.# #......#
#.# ######.# #.# #.# #.# #.#
#.# #.#############.#
#...............#
#################


You could see a boulder beetle.

Vanquished Creatures
  Gastronok (D:8)
  Erolcha (D:10)
  2 two-headed ogres
  A centaur warrior (D:11)
  Erica (D:8)
  Joseph (D:7)
  Maggie (D:7)
  2 trolls (D:11)
  Sigmund (D:2)
  13 yaks
  Grum (D:10)
  2 water moccasins
  4 orc warriors
  2 ice beasts
  A black bear (D:9)
  An eye of draining (D:10)
  A phantom (D:11)
  A necrophage (D:7)
  7 wolves
  3 sky beasts
  4 centaurs
  5 ogres
  8 bullfrogs
  2 big kobolds (D:7)
  A wyvern skeleton (D:9)
  4 wights
  An electric eel (D:11)
  A howler monkey (D:7)
  A bullfrog zombie (D:10)
  A centaur zombie (D:8)
  A quasit (D:10)
  3 jellies
  A centaur skeleton (D:6)
  2 orc priests
  13 hounds
  8 orc wizards
  4 iguanas
  5 worker ants
  A killer bee zombie (D:6)
  2 worker ant zombies
  3 gnolls (D:6)
  11 adders
  2 shadow imps
  2 white imps
  3 ufetubi
  2 oozes
  3 adder zombies
  An adder skeleton (D:5)
  4 worms
  3 dart slugs
  5 leopard geckos
  32 orcs
  A ball python (D:4)
  5 giant cockroaches
  7 goblins
  8 hobgoblins
  6 jackals
  8 quokkas
  8 bats
  2 frilled lizards
  11 kobolds
  2 leopard gecko skeletons
  A quokka skeleton (D:4)
  13 rats
258 creatures vanquished.

Vanquished Creatures (others)
  A kobold (D:7)
  14 foxfires (D:8)
15 creatures vanquished.

Grand Total: 273 creatures vanquished

Notes
Turn   | Place    | Note
-------+----------+-------------------------------------------
     0 | D:1      | hawla the Draconian Conjurer began the quest for the Orb.
     0 | D:1      | Reached XP level 1. HP: 14/14 MP: 3/3
   301 | D:1      | Reached XP level 2. HP: 20/20 MP: 1/5
   304 | D:1      | Learned a level 2 spell: Searing Ray
  1363 | D:2      | Gained mutation: You have large cloven feet. [potion of
                  | mutation]
  1363 | D:2      | Gained mutation: Your body sometimes deteriorates upon
                  | taking damage. [potion of mutation]
  1363 | D:2      | Gained mutation: Your tail ends in a poisonous barb.
                  | [potion of mutation]
  1384 | D:2      | Noticed Sigmund
  1573 | D:2      | Killed Sigmund
  1574 | D:2      | Reached skill level 4 in Spellcasting
  1574 | D:2      | Reached XP level 3. HP: 18/26 MP: 0/8
  1574 | D:2      | Reached XP level 4. HP: 23/33 MP: 0/10
  1574 | D:2      | Reached XP level 5. HP: 27/38 MP: 0/11
  1579 | D:2      | Learned a level 4 spell: Iskenderun's Mystic Blast
  2626 | D:3      | Found a transporter.
  2835 | D:3      | Found a one-way gate to the infinite horrors of the Abyss.
  2835 | D:3      | Noticed Snicker's ghost (amateur DsDe)
  2867 | D:3      | Found a transporter.
  2930 | D:3      | Reached skill level 1 in Translocations
  3376 | D:3      | Reached XP level 6. HP: 15/45 MP: 4/12
  4102 | D:4      | Found a broken altar of Ashenzari.
  4361 | D:4      | Your scales start taking on a dull iron-grey colour.
  4361 | D:4      | Reached XP level 7. HP: 50/50 MP: 7/13
  4361 | D:4      | Gained mutation: You can survive without breathing. [Grey
                  | Draconian growth]
  4849 | D:5      | Entered Level 5 of the Dungeon
  4889 | D:5      | Reached skill level 5 in Conjurations
  4973 | D:5      | Found a glowing silver altar of Zin.
  5523 | D:6      | Reached skill level 5 in Spellcasting
  5826 | D:6      | Reached XP level 8. HP: 33/57 MP: 3/16
  5856 | D:6      | Lost mutation: Your tail ends in a poisonous barb. [potion
                  | of mutation]
  5856 | D:6      | Lost mutation: Your body sometimes deteriorates upon taking
                  | damage. [potion of mutation]
  5856 | D:6      | Lost mutation: You have large cloven feet. [potion of
                  | mutation]
  5856 | D:6      | Gained mutation: You expend magic power (3 MP) to
                  | strengthen your wands. [potion of mutation]
  5856 | D:6      | Gained mutation: You evolve. [potion of mutation]
  5856 | D:6      | Gained mutation: You occasionally shout uncontrollably at
                  | your foes. [potion of mutation]
  5856 | D:6      | Gained mutation: You rapidly evolve. [potion of mutation]
  5873 | D:6      | Gained mutation: You are strong-willed. (Will+) [evolution]
  6434 | D:6      | Found a white marble altar of Elyvilon.
  6449 | D:6      | Reached skill level 6 in Spellcasting
  6979 | D:6      | Found a staircase to the Ecumenical Temple.
  6989 | Temple   | Entered the Ecumenical Temple
  7118 | Temple   | Became a worshipper of Vehumet
  7237 | D:6      | Gained mutation: You have large cloven feet. [evolution]
  7334 | D:7      | Reached skill level 5 in Translocations
  7481 | D:7      | Reached skill level 1 in Fighting
  7482 | D:7      | Noticed Joseph
  8355 | D:7      | Killed Joseph
  8356 | D:7      | Reached skill level 7 in Spellcasting
  8356 | D:7      | Reached XP level 9. HP: 6/67 MP: 1/20
  8648 | D:7      | Found Topana's Antique Weapon Boutique.
  8652 | D:7      | Found Ilebb's Antique Weapon Shoppe.
  8679 | D:7      | Found a blossoming altar of Fedhas.
  8869 | D:7      | Found Ofumni Gifru's Weapon Shop.
  8927 | D:7      | Noticed Maggie
  8942 | D:7      | Killed Maggie
  8943 | D:7      | Reached skill level 8 in Spellcasting
  9102 | D:7      | Found Fapusa's Armour Boutique.
  9352 | D:7      | Bought a +0 pair of gloves for 49 gold pieces
  9386 | D:8      | Found Heuhugaumo's Antique Weapon Shop.
  9765 | D:8      | Reached * piety under Vehumet
  9765 | D:8      | Offered knowledge of Foxfire by Vehumet.
  9766 | D:8      | Reached skill level 9 in Spellcasting
  9767 | D:8      | Noticed Gastronok
  9769 | D:8      | Learned a level 1 spell: Foxfire
 10752 | D:8      | Killed Gastronok
 10753 | D:8      | Reached skill level 10 in Spellcasting
 10753 | D:8      | Reached XP level 10. HP: 55/73 MP: 1/24
 10915 | D:8      | Found Duenn's Jewellery Shop.
 10965 | D:8      | Noticed Erica
 10975 | D:8      | Killed Erica
 10976 | D:8      | Reached skill level 5 in Fire Magic
 11312 | D:8      | Noticed a two-headed ogre
 11326 | D:8      | Killed a two-headed ogre
 11534 | D:8      | Found Gausynit's Jewellery Emporium.
 11712 | D:8      | Found a hazy altar of Hepliaklqana.
 11807 | D:8      | Found Ginamn Ufira's Armour Emporium.
 12251 | D:9      | Found an opulent altar of Gozag.
 12393 | D:9      | Reached skill level 11 in Spellcasting
 12822 | D:9      | Reached XP level 11. HP: 79/79 MP: 5/26
 12959 | D:9      | Found a shimmering blue altar of Sif Muna.
 12961 | D:9      | Found a sparkling altar of Nemelex Xobeh.
 12961 | D:9      | Noticed a frost giant
 12961 | D:9      | Noticed an unseen horror
 12963 | D:9      | Found a transporter.
 12963 | D:9      | Noticed an unseen horror
 13210 | D:9      | Found a transporter.
 13255 | D:10     | Entered Level 10 of the Dungeon
 13375 | D:10     | Reached ** piety under Vehumet
 13375 | D:10     | Offered knowledge of Freeze by Vehumet.
 13379 | D:10     | Noticed Erolcha
 13384 | D:9      | Reached skill level 12 in Spellcasting
 13735 | D:10     | Noticed Grum
 13857 | D:10     | Killed Erolcha
 14027 | D:10     | Killed Grum
 14292 | D:10     | Reached skill level 1 in Staves
 14975 | D:11     | Found a staircase to the Orcish Mines.
 14997 | D:11     | Found Duof's Armour Shoppe.
 15127 | D:11     | Noticed a centaur warrior
 15139 | D:11     | Killed a centaur warrior
 15541 | D:11     | Offered knowledge of Mephitic Cloud by Vehumet.
 15544 | D:11     | Lost mutation: You are strong-willed. (Will+) [evolution]
 15560 | D:11     | Noticed a two-headed ogre
 15567 | D:11     | Killed a two-headed ogre
 15572 | D:11     | Reached skill level 13 in Spellcasting
 15589 | D:11     | Reached *** piety under Vehumet
 15797 | D:11     | Found a staircase to the Lair.
 15909 | D:11     | Noticed a boulder beetle
 15964 | Lair:1   | Entered Level 1 of the Lair of Beasts
 16400 | D:11     | Demolished by a boulder beetle

Illustrated notes

Levels and vault maps discovered:
D:1:      evilmike_arrival_hilbert_curve, layout_loops_corners
D:2:      layout_rooms, uniq_sigmund
D:3:      layout_loops_corners, gammafunk_ghost_abyssal_escape
D:4:      layout_basic, ashenzari_altar_1
D:5:      layout_gridville, lemuel_doored_altar, serial_bayou_crossing
D:6:      minmay_general_purpose_star, layout_basic, lemuel_round_altar,
          temple_green, grunt_ministairs_5, chequers_serial_rivers_micro_a
D:7:      layout_cave_pools, overflow_temple_1_default, serial_shops, shop,
          nicolae_shop_waterfront, shop, nicolae_shop_behind_doors,
          minmay_microvault, uniq_joseph, uniq_maggie
D:8:      layout_rooms, nzn_hepliaklqana_mist_gate, serial_shops,
          nicolae_shop_window_shopping, shop, nicolae_shop_statue_plus,
          nicolae_shop_stone, uniq_gastronok, uniq_erica
D:9:      layout_cave_pools, nicolae_gozag_seed_capital,
          gammafunk_temple_overflow_arena
D:10:     layout_cave_pools, uniq_erolcha, uniq_grum
D:11:     layout_loops_ring, erik_lair_island, orc_david_3
Temple:   jpeg_temple_clearing
Lair:1:   layout_hall_layers, serial_bayou, serial_bayou_shore_a,
          serial_bayou_lake_a, serial_bayou_lagoon_b, serial_bayou_pond_d,
          serial_bayou_pond_a, serial_bayou_pond_b, minmay_shattered_shrine

Skill      XL: |  1  2  3  4  5  6  7  8  9 10 11 |
---------------+----------------------------------+-----
Shields        | 2 3 4 |  4.0
Spellcasting   | 4 5 7 10 11 13 | 13.1
Translocations | 1 2 3 5 |  5.1
Conjurations   | 5 6 |  6.8
Fighting       | 2 4 |  4.4
Dodging        | 2 |  2.0
Stealth        | 2 |  2.0
Fire Magic     | 4 6 |  6.3
Staves         | 3 |  3.4

Action                   |  1- 3 |  4- 6 |  7- 9 | 10-12 || total
-------------------------+-------+-------+-------+-------++-------
Melee: Unarmed           |    26 |       |       |       ||    26
       Tailslap          |     1 |     2 |     5 |     8 ||    16
       Whip              |       |     9 |    27 |       ||    36
       Kick              |       |     1 |    10 |     8 ||    19
       Quarterstaff      |       |       |    17 |    73 ||    90
Throw: Boomerang         |       |       |       |     2 ||     2
 Cast: Magic Dart        |    25 |    68 |    99 |   115 ||   307
       Searing Ray       |     8 |    29 |    72 |   101 ||   210
       Iskenderun's Myst |       |     2 |    28 |    46 ||    76
       Foxfire           |       |       |     7 |       ||     7
  Use: Scroll            |     4 |     9 |    10 |     4 ||    27
       Potion            |     1 |     1 |     3 |     3 ||     8
Armor: Skin              |     7 |     6 |    74 |    43 ||   130
Dodge: Dodged            |    22 |    11 |   148 |   180 ||   361
